 Dungeon Crawl Stone Soup version 0.30-a0-1043-g60ff8d5f49 (webtiles) character file.

Game seed: 604557583988005247

250 waylaid77 the Chopper (level 6, 0/48 HPs)
             Began as a Human Fighter on Apr 10, 2023.
             Slain by a gnoll
             ... wielding a +0 spear
              (7 damage)
             ... on level 3 of the Dungeon.
             The game lasted 00:58:11 (2488 turns).

waylaid77 the Chopper (Human Fighter)               Turns: 2488, Time: 00:58:12

Health: 0/48       AC: 11    Str: 18    XL:     6   Next: 35%
Magic:  6/6        EV:  7    Int:  9    God:
Gold:   168        SH:  4    Dex: 12    Spells: 4/5 levels left

rFire   . . .      SeeInvis .    a - +0 war axe
rCold   + . .      Faith    .    c - +0 buckler
rNeg    . . .      Spirit   .    x - +1 chain mail
rPois   .          Reflect  .    (no helmet)
rElec   .          Rampage  .    (no cloak)
rCorr   .                        (no gloves)
Will    .....                    P - +0 pair of boots Stlth
                                 r - amulet of magic regeneration
HPRegen 0.28/turn                F - ring of protection from cold
MPRegen 0.50/turn                (no ring)

@: mighty
A: no striking features
a: no special abilities


You were on level 3 of the Dungeon.
You visited 1 branch of the dungeon, and saw 3 of its levels.

You collected 168 gold pieces.

Inventory:

Hand Weapons
 a - a +0 war axe (weapon)
 e - a +0 short sword
 g - a +0 short sword
 h - a +0 whip
 i - a +0 dagger
 j - a +0 dagger
 k - a +0 club
 m - a +0 dagger
 n - a +0 dagger
 o - a +0 spear
 p - a +0 dagger
 q - a +0 sling
 t - a +0 dagger
 v - a +0 hand axe
 w - a +0 hand axe
 y - a +0 dagger
 z - a +0 whip
 B - a +0 dagger
 D - a +0 flail
 I - a +0 halberd
 J - a +0 flail
Missiles
 C - a boomerang (quivered)
 K - 31 stones
 N - 6 poisoned darts
Armour
 b - a +0 scale mail
 c - a +0 buckler (worn)
 s - a +0 robe
 x - a +1 chain mail (worn)
 A - a +0 leather armour
 G - a +0 scale mail
 L - a +0 leather armour
 M - a +0 robe
 O - a +0 ring mail
 P - a +0 pair of boots (worn)
Jewellery
 r - an amulet of magic regeneration (around neck)
 F - a ring of protection from cold (left hand)
 Q - a ring of protection from cold
Scrolls
 f - a scroll of magic mapping
 E - a scroll of fog
Potions
 l - a potion of curing {unknown}
 u - a potion of lignification {unknown}
 H - a potion of heal wounds {unknown}


   Skills:
 + Level 4.0 Fighting
 + Level 4.4 Axes
 + Level 1.1 Throwing
 + Level 3.8 Armour
 + Level 0.7 Dodging
 + Level 3.3 Shields


You had 4 spell levels left.
You knew the following spells:

 Your Spells              Type           Power      Damage    Failure   Level
a - Necrotise             Necr           0%         1d4       99%         1

Your spell library contained the following spells:

 Spells                   Type           Power      Damage    Failure   Level
 Gell's Gravitas          Tloc           0%         N/A       100%        3
 Teleport Other           Tloc           0%         N/A       100%        3
 Vampiric Draining        Necr           0%         2d6       100%        3
 Anguish                  Hex/Necr       0%         N/A       100%        4
 Cause Fear               Hex            0%         N/A       100%        4
 Agony                    Necr           0%         N/A       100%        5
 Dispersal                Tloc           0%         N/A       100%        6
 Enfeeble                 Hex            0%         N/A       100%        7


Dungeon Overview and Level Annotations

Branches:
Dungeon (3/15)

Altars:


Message History

The gnoll hits you from afar with a +0 spear.
You barely miss the gnoll bouda.
The gnoll bouda is severely wounded.
The gnoll is no longer moving quickly.
The gnoll barely misses you.
The gnoll bouda gazes fiercely through you!
You feel your attacks grow feeble. The gnoll bouda closely misses you.
You slash the gnoll bouda!
The gnoll bouda is almost dead.
The gnoll hits you from afar with a +0 spear.
The gnoll bouda mumbles some strange prayers to its god.
The gnoll bouda is healed somewhat.
You feel very mighty all of a sudden. The gnoll hits you but does no damage.
You block the gnoll bouda's attack.
You hit the gnoll bouda.
The gnoll bouda is almost dead.
The gnoll hits you but does no damage.
The gnoll bouda hits you but does no damage.
The gnoll hits you but does no damage.
You closely miss the gnoll bouda.
The gnoll bouda is almost dead.
The gnoll bouda barks out a call to the hunt!
The gnoll picks up the pace!
The gnoll hits you from afar with a +0 spear.
* * * LOW HITPOINT WARNING * * *
The gnoll bouda mumbles some strange prayers to its god.
The gnoll bouda is healed somewhat.
You slash the gnoll bouda!
You kill the gnoll bouda!
The gnoll unwields a +0 flail.
The gnoll wields a +0 sling.
The gnoll shoots a sling bullet.
The sling bullet hits you!
* * * LOW HITPOINT WARNING * * *
The gnoll hits you but does no damage. The gnoll completely misses you.
Your Fighting skill increases to level 4!
The gnoll shoots a sling bullet.
The sling bullet hits you but does no damage.
You closely miss the gnoll.
Your attacks no longer feel as feeble.
The gnoll hits you with a +0 spear!
You die...

.#####.##.#..#..####.######.#####
.................................
~~~≈~~~~~~~~~....~~~~~≈~~~)~~~~≈~
≈≈≈≈≈~≈≈≈≈≈≈~....~≈≈≈≈≈≈≈≈≈≈~≈≈≈≈
#~~~~~~~≈~≈≈~..).~~~~~~≈≈≈~~~####
#..............).............#o..
#############'')'#############...
#,,,*,,,.,,,#....#.o.....#,,,*+##
,,*,*,,,....#...@#.......#,*,,,*,
*,,,*,,,....'...)ggOo....#,,,*,*,
*****'**################o#****,*,
,,,,*,,,,,,,*,,,,*,,,,,..#,,,,,*,
,,,,*,,,,,,,,,~~,,,,,,..O#,,,,,*,
**''*,,,,,,,,,~~,,,,,.o..#++**,*,
*,,,,,,,,,,,*,,,,*,,......,,,*,*,
*,,,,********,,,,**######.,,,*,*,
*,,,,* *,,,**,,,*,,,,+.,,,*+**


You could see an ogre, 2 gnolls and an orc.

Vanquished Creatures
  A gnoll bouda (D:3)
  9 gnolls (D:3)
  4 adders
  2 worms (D:3)
  11 orcs
  5 endoplasms
  2 giant cockroaches (D:2)
  4 goblins
  6 hobgoblins
  4 jackals (D:3)
  3 quokkas
  7 ball pythons
  11 bats
  3 frilled lizards
  7 kobolds
  3 rats
82 creatures vanquished.

Vanquished Creatures (others)
  A fungus (D:1)
1 creature vanquished.

Grand Total: 83 creatures vanquished

Notes
Turn   | Place    | Note
-------+----------+-------------------------------------------
     0 | D:1      | waylaid77 the Human Fighter began the quest for the Orb.
     0 | D:1      | Reached XP level 1. HP: 18/18 MP: 1/1
   196 | D:1      | Reached XP level 2. HP: 24/24 MP: 2/2
   603 | D:1      | Found a faded altar of an unknown god.
   634 | D:1      | Reached XP level 3. HP: 29/29 MP: 3/3
   976 | D:2      | Reached XP level 4. HP: 35/35 MP: 4/4
  1595 | D:3      | Reached XP level 5. HP: 18/41 MP: 5/5
  1908 | D:3      | Learned a level 1 spell: Necrotise
  2400 | D:3      | Reached XP level 6. HP: 48/48 MP: 6/6
  2410 | D:3      | Reached skill level 1 in Throwing
  2465 | D:3      | Noticed an ogre
  2488 | D:3      | Slain by a gnoll

Illustrated notes

Levels and vault maps discovered:
D:1:      onia_arrival_mini_maze, layout_loops_ring, basic_ecumenical_altar
D:2:      layout_rooms, minmay_tetromino_o2
D:3:      lemuel_castle_with_subvaults [lemuel_castle_interior_carwin_3],
          layout_loops_ring

Skill      XL: |  1  2  3  4  5  6 |
---------------+-------------------+-----
Axes           | 3 4 |  4.4
Throwing       | 1 |  1.1
Fighting       | 4 |  4.0
Armour         | |  3.8
Dodging        | |  0.7
Shields        | |  3.3

Action                     |  1- 3 |  4- 6 || total
---------------------------+-------+-------++-------
  Melee: War axe           |    67 |   135 ||   202
  Throw: Boomerang         |       |    44 ||    44
    Use: Scroll            |       |     7 ||     7
         Potion            |       |     1 ||     1
 Armour: Scale mail        |    25 |       ||    25
         Chain mail        |     4 |    97 ||   101
  Dodge: Dodged            |    27 |    69 ||    96
  Block: Buckler           |    15 |    29 ||    44

Table legend: (Time is in decaauts)
 A = Elapsed time spent in this place.
 B = Non-inter-level travel time spent in this place.
 C = Inter-level travel time spent in this place.
 D = Time resting spent in this place.
 E = Time spent auto-exploring this place.
 F = Levels seen in this place.
 G = Mean time per level.
                   A        B        C        D        E       F      G
               +--------+--------+--------+--------+--------+-----+--------+
         Total |   2580 |   2580 |      0 |      0 |      0 |   3 |  860.0 |
       Dungeon |   2580 |   2580 |      0 |      0 |      0 |   3 |  860.0 |
               +--------+--------+--------+--------+--------+-----+--------+

Top non-repeatable levels by time:
     D:3: 963 daAuts
     D:2: 901 daAuts
     D:1: 715 daAuts
